 Dungeon Crawl Stone Soup version 0.30.1-9-gdf580d7c3d (webtiles) character file.

Game seed: 13373107596553740586

14362 Psyclone the Eclecticist (level 11, -3/54 HPs)
             Began as a Deep Elf Conjurer on Oct 1, 2023.
             Was an Initiate of Gozag.
             Killed from afar by an acid dragon (23 damage)
             ... with a splash of acid
             ... on level 11 of the Dungeon.
             The game lasted 00:42:40 (11553 turns).

Psyclone the Eclecticist (Deep Elf Conjurer)       Turns: 11553, Time: 00:42:41

Health: -3/54      AC:  7    Str:  2    XL:     11   Next: 87%
Magic:  34/45      EV: 12    Int: 37    God:    Gozag
Gold:   1039       SH:  0    Dex: 16    Spells: 26/48 levels left

rFire   + + .        a - staff of conjuration
rCold   . . .        (no shield)
rNeg    . . .        u - +0 robe
rPois   .            n - +0 helmet
rElec   +            f - +2 cloak
rCorr   .            C - +0 pair of gloves
SInv    .            (no boots)
Will    +....        (no amulet)
Stlth   ++           D - ring of Igga {rElec rF++ Int+6}
HPRegen 0.29/turn    d - ring of magical power
MPRegen 0.29/turn

%: no passive effects
@: gold aura
A: agile 1, clever 1, sense surroundings 1, MP-powered wands
a: Renounce Religion, Potion Petition, Call Merchant, Bribe Branch


You were on level 11 of the Dungeon.
You worshipped Gozag.
Gozag was most pleased with you.
You visited 1 branch of the dungeon, and saw 11 of its levels.

You collected 2451 gold pieces.
You spent 811 gold pieces at shops.
You paid 601 gold pieces to Gozag.

Inventory:

Hand Weapons
 b - a +5 short sword of protection
Armour
 f - a +2 cloak (worn)
 n - a +0 helmet (worn)
 u - a +0 robe (worn)
 C - a +0 pair of gloves (worn)
Magical Staves
 a - a staff of conjuration (weapon)
 m - a staff of air
Jewellery
 d - a ring of magical power (right hand)
 o - a +5 ring of evasion
 D - the ring of Igga (left hand) {rElec rF++ Int+6}
   (You acquired it on level 6 of the Dungeon)

   [ring of intelligence]

   Int:       It affects your intelligence (+6).
   rF:        It greatly protects you from fire.
   rElec:     It insulates you from electricity.
Wands
 c - a wand of mindburst (20)
 B - a wand of roots (4)
 L - a wand of flame (18)
 N - a wand of charming (6)
Scrolls
 e - a scroll of brand weapon
 h - 4 scrolls of teleportation
 j - 3 scrolls of amnesia
 k - 2 scrolls of enchant armour
 q - a scroll of vulnerability
 v - 2 scrolls of enchant weapon
 w - a scroll of magic mapping
 A - a scroll of poison
 F - a scroll of butterflies
 G - 3 scrolls of immolation
 H - 3 scrolls of fog
 M - a scroll of torment
 O - a scroll of silence {!r}
Potions
 g - 2 potions of brilliance
 i - 5 potions of curing
 l - 3 potions of invisibility
 p - 2 potions of lignification
 r - a potion of might
 s - 3 potions of attraction
 t - 3 potions of heal wounds
 x - a potion of magic
 z - 4 potions of flight {unknown}
 E - 3 potions of berserk rage
 I - a potion of cancellation
 J - a potion of resistance


   Skills:
 - Level 2.4 Dodging
 - Level 2.4 Stealth
 - Level 19.0 Spellcasting
 - Level 10.2 Conjurations
 + Level 5.8 Hexes
 - Level 6.0 Translocations
 - Level 6.0 Transmutations


You had 26 spell levels left.
You knew the following spells:

 Your Spells              Type           Power      Damage    Failure   Level
a - Magic Dart            Conj           100%       1d8       0%          1
b - Searing Ray           Conj           100%       2d8       1%          2
c - Dazzling Flash        Conj/Hex       100%       N/A       1%          3
d - Fulminant Prism       Conj/Hex       48%        3d20      1%          4
e - Iskenderun's Mystic   Conj/Tloc      97%        2d19      1%          4
f - Tukima's Dance        Hex            68%        N/A       1%          3
x - Irradiate             Conj/Tmut      48%        3d27      1%          5

Your spell library contained the following spells:

 Spells                   Type           Power      Damage    Failure   Level
 Apportation              Tloc           100%       N/A       1%          1
 Necrotise                Necr           100%       1d9       1%          1
 Summon Small Mammal      Summ           100%       N/A       1%          1
 Cigotuvi's Dreadful Rot  Necr/Pois/Air  70%        N/A       1%          2
 Portal Projectile        Hex/Tloc       100%       N/A       1%          3
 Blade Hands              Tmut           34%        N/A       1%          5
 Ozocubu's Armour         Ice            35%        N/A       2%          3
 Dispel Undead            Necr           35%        3d15      9%          4
 Olgreb's Toxic Radiance  Pois           35%        N/A       9%          4
 Dragon Form              Tmut           34%        N/A       52%         7
 Death Channel            Necr           17%        N/A       78%         6
 Discord                  Hex            34%        N/A       99%         8
 Ozocubu's Refrigeration  Ice            17%        4d11      100%        7
 Ignition                 Fire           17%        3d7       100%        8


Dungeon Overview and Level Annotations

Branches:
Dungeon (11/15) Zot: 25722  Temple (0/1) D:5            Lair (0/5) D:10
    Orc (0/2) D:9

Altars:
Ashenzari
Cheibriados
Elyvilon
Fedhas
Gozag
Makhleb
Okawaru
Ru
Trog
Uskayaw
Xom
Zin
The Shining One

Shops:
D:3 !*[   D:6 *   D:10 =   D:11 *

Annotations:
D:4 1 runed translucent door, BuzzardItera's ghost, amateur MiBe


Innate Abilities, Weirdness & Mutations

You are agile. (Dex +4, Str/Int -1)
Your mind is acute. (Int +4, Str/Dex -1)
You passively map a small area around you.
You expend magic power (3 MP) to strengthen your wands.


Message History

A fulminant prism comes into view.
You now have 41/45 mp.
Your fulminant prism crackles loudly.
The eight-headed hydra attacks as you move away!
The eight-headed hydra bites you.
The eight-headed hydra closely misses you.
The eight-headed hydra bites you. The eight-headed hydra bites you! x2
The eight-headed hydra bites you.
The eight-headed hydra bites you but does no damage.
The eight-headed hydra bites you.
Your fulminant prism explodes!
The blast of energy engulfs the acid dragon!!
The acid dragon is almost dead.
The blast of energy engulfs the eight-headed hydra!!!
The eight-headed hydra is severely wounded.
You hear a shout!
There is an open door here.
You take 35 damage, and have 19/54 hp.
MASSIVE DAMAGE!!
Casting: Fulminant Prism (safe; 1% risk of failure)
Confirm with . or Enter, or press ? or * to list all spells.
You feel a surge of power!
You erupt in a blast of force!
The mystic blast hits the eight-headed hydra!!
You kill the eight-headed hydra!
The acid dragon is distracted by your dazzling golden aura.
Your Hexes skill increases to level 5!
You now have 38/45 mp.
Casting: Iskenderun's Mystic Blast (safe; 1% risk of failure)
Confirm with . or Enter, or press ? or * to list all spells.
Aiming: Fulminant Prism (safe; 1% risk of failure)
Press: ? - help, Dir - move target You feel a surge of power!
You conjure a prism of explosive energy!
The acid dragon roars!
A fulminant prism comes into view.
You now have 34/45 mp.
The acid dragon is no longer distracted by gold.
The acid dragon spits acid at you. The splash of acid hits you!!
You die...
Your body crumbles into a pile of gold.

### +.# ### ### ### ### ###
#####.######8###8###8###8###8#
#.!.#..'..D.$@...........)[...
#.. #..###*#8###8###8#'#8###8#
#..,#....#'###########.#######
#'###D...#.##(###...........##
#.D......#.##.'...............
#'###)####.##.##8...........8#
#...#.#....##.'...........!...
#...#.#.8..##.#.......⌠.......
#...#.#....##.'...............


You could see an acid dragon (catching breath, ally target) and a friendly
fulminant prism.

Vanquished Creatures
  A hydra (D:11)
  An ogre mage (D:11)
  3 two-headed ogres
  A water nymph (shapeshifter) (D:11)
  A gargoyle (D:11)
  3 kobold demonologists
  7 trolls
  A hornet (D:10)
  Sigmund (D:5)
  4 wraiths
  15 yaks
  A dancing weapon (D:11)
  2 steam dragons
  3 vampire mosquitoes (D:10)
  5 water moccasins
  2 black bears
  An ice beast (D:6)
  A sky beast (D:7)
  3 orc warriors
  4 ogres
  2 centaurs
  2 kobold brigands
  2 gnoll sergeants
  6 bullfrogs
  9 wights
  5 killer bees (D:10)
  5 howler monkeys
  A jelly (D:7)
  5 hounds
  4 orc priests
  A gnoll bouda (D:11)
  Ijyb (D:5)
  3 iguanas (D:5)
  A sleepcap (D:7)
  Natasha (thrice) (D:2)
  12 orc wizards
  8 adders
  17 gnolls
  A shadow imp (D:6)
  2 white imps
  3 worms
  4 dart slugs
  20 orcs
  5 ball pythons
  4 endoplasms
  A giant cockroach (D:1)
  3 goblins
  10 hobgoblins
  4 jackals (D:1)
  5 quokkas
  2 bats
  2 frilled lizards
  21 kobolds
  7 rats
241 creatures vanquished.

Vanquished Creatures (collateral kills)
  An orc warrior (D:11)
  An orc (D:9)
2 creatures vanquished.

Vanquished Creatures (others)
  A wizard (D:11)
  4 dancing weapons
  55 fulminant prisms
60 creatures vanquished.

Grand Total: 303 creatures vanquished

Notes
Turn   | Place    | Note
-------+----------+-------------------------------------------
     0 | D:1      | Psyclone the Deep Elf Conjurer began the quest for the Orb.
     0 | D:1      | Reached XP level 1. HP: 10/10 MP: 6/6
   178 | D:1      | Reached XP level 2. HP: 15/15 MP: 0/8
   349 | D:1      | Reached skill level 5 in Conjurations
   430 | D:1      | Learned a level 2 spell: Searing Ray
   749 | D:2      | Found an opulent altar of Gozag.
   778 | D:2      | Became a worshipper of Gozag Ym Sagoz the Greedy
   929 | D:2      | Reached XP level 3. HP: 19/19 MP: 4/9
  1208 | D:2      | Found a faded altar of an unknown god.
  1229 | D:2      | Noticed Natasha
  1234 | D:2      | Killed Natasha
  1293 | D:2      | Noticed Natasha
  1301 | D:2      | Killed Natasha
  1302 | D:2      | Reached XP level 4. HP: 24/24 MP: 4/10
  1574 | D:2      | Noticed Natasha
  1583 | D:2      | Killed Natasha
  1584 | D:2      | Reached XP level 5. HP: 28/28 MP: 6/11
  1724 | D:2      | Learned a level 3 spell: Dazzling Flash
  1729 | D:2      | Learned a level 4 spell: Fulminant Prism
  1797 | D:3      | Found Catuxug's Assorted Antiques.
  2317 | D:3      | Found Utaclevi's Armour Emporium.
  2361 | D:3      | Found Itaonefeuf's Distillery.
  2544 | D:3      | Bought a potion of mutation for 96 gold pieces
  2545 | D:3      | Gained mutation: Your mind is acute. (Int +4, Str/Dex -1)
                  | [potion of mutation]
  2545 | D:3      | Gained mutation: You are agile. (Dex +4, Str/Int -1)
                  | [potion of mutation]
  2545 | D:3      | Gained mutation: You passively map a small area around you.
                  | [potion of mutation]
  2545 | D:3      | Gained mutation: You expend magic power (3 MP) to
                  | strengthen your wands. [potion of mutation]
  2576 | D:3      | Bought a scroll labelled GOMOFA RUEV for 31 gold pieces
  2576 | D:3      | Bought a fuming green potion for 27 gold pieces
  2576 | D:3      | Bought a glowing dark potion for 27 gold pieces
  2576 | D:3      | Bought a sedimented coppery potion for 27 gold pieces
  2576 | D:3      | Bought a scroll labelled APILLASCHOM for 31 gold pieces
  2912 | D:4      | Noticed BuzzardItera's ghost (amateur MiBe)
  2913 | D:4      | Found a runed translucent door.
  3034 | D:4      | Noticed an ogre
  3044 | D:4      | Killed an ogre
  3045 | D:4      | Reached XP level 6. HP: 32/32 MP: 12/12
  3566 | D:5      | Entered Level 5 of the Dungeon
  3592 | D:5      | Noticed Sigmund
  3598 | D:5      | Killed Sigmund
  3599 | D:5      | Reached XP level 7. HP: 33/36 MP: 13/13
  3656 | D:5      | Found a staircase to the Ecumenical Temple.
  3941 | D:5      | Found a glowing golden altar of the Shining One.
  3978 | D:5      | Found a broken altar of Ashenzari.
  4006 | D:5      | Reached skill level 10 in Conjurations
  4164 | D:5      | Found a sacrificial altar of Ru.
  4232 | D:5      | Reached skill level 4 in Spellcasting
  4286 | D:5      | Found a white marble altar of Elyvilon.
  4438 | D:5      | Noticed Ijyb
  4446 | D:5      | Killed Ijyb
  4729 | D:6      | Reached skill level 5 in Spellcasting
  4878 | D:6      | Reached skill level 6 in Spellcasting
  4878 | D:6      | Reached XP level 8. HP: 41/41 MP: 19/19
  4892 | D:6      | Reached skill level 7 in Spellcasting
  5039 | D:6      | Reached skill level 8 in Spellcasting
  5044 | D:6      | Found Mozocar's General Store.
  5074 | D:6      | Reached skill level 9 in Spellcasting
  5204 | D:6      | Bought a scroll of acquirement for 572 gold pieces
  5204 | D:6      | Acquired the ring of Igga {rElec rF++ Int+6}
  5372 | D:6      | Reached skill level 10 in Spellcasting
  6003 | D:7      | Reached skill level 11 in Spellcasting
  6008 | D:7      | Reached XP level 9. HP: 45/45 MP: 21/26
  6022 | D:7      | Learned a level 4 spell: Iskenderun's Mystic Blast
  6078 | D:7      | Found a bloodstained altar of Trog.
  6078 | D:7      | Found a burning altar of Makhleb.
  6225 | D:7      | Reached skill level 12 in Spellcasting
  6539 | D:7      | Noticed an angel
  6541 | D:7      | Found a glowing silver altar of Zin.
  6541 | D:7      | Found a shimmering altar of Xom.
  6632 | D:7      | Reached skill level 13 in Spellcasting
  7048 | D:8      | Noticed a +0 falchion
  7049 | D:8      | Noticed a +0 dagger
  7049 | D:8      | Noticed a +0 short sword
  7049 | D:8      | Noticed a +0 dagger
  7054 | D:8      | Noticed a +0 spear
  7054 | D:8      | Noticed a +0 falchion
  7054 | D:8      | Noticed a +0 short sword
  7054 | D:8      | Noticed a +0 spear
  7152 | D:8      | Reached skill level 14 in Spellcasting
  7327 | D:8      | Found a blossoming altar of Fedhas.
  7465 | D:8      | Identified the +0 ring mail of Tiupus {rPois rC+ rCorr
                  | Str+2}
  7594 | D:8      | Found a hide-covered altar of Uskayaw.
  7647 | D:9      | Learned a level 3 spell: Tukima's Dance
  7665 | D:9      | Found a staircase to the Orcish Mines.
  7851 | D:9      | Noticed a two-headed ogre
  7875 | D:9      | Killed a two-headed ogre
  7876 | D:9      | Reached skill level 15 in Spellcasting
  7876 | D:9      | Reached XP level 10. HP: 37/50 MP: 23/31
  8377 | D:9      | Found an iron altar of Okawaru.
  8408 | D:9      | Identified the +1 leather armour "Dilimpov" {rPois}
  8524 | D:9      | Reached skill level 16 in Spellcasting
  8827 | D:10     | Entered Level 10 of the Dungeon
  9092 | D:10     | Reached skill level 17 in Spellcasting
  9691 | D:10     | Found a snail-covered altar of Cheibriados.
  9732 | D:10     | Reached skill level 18 in Spellcasting
  9779 | D:10     | Noticed a two-headed ogre
  9793 | D:10     | Killed a two-headed ogre
  9794 | D:10     | Reached XP level 11. HP: 18/54 MP: 11/35
 10145 | D:10     | Found a staircase to the Lair.
 10292 | D:11     | Reached skill level 19 in Spellcasting
 10298 | D:11     | Reached skill level 1 in Translocations
 10364 | D:11     | Learned a level 5 spell: Irradiate
 10519 | D:11     | Reached skill level 1 in Transmutations
 10921 | D:11     | Noticed a wizard
 10933 | D:11     | Killed a wizard
 10934 | D:11     | Reached skill level 5 in Translocations
 11024 | D:11     | Found Rifaly's Assorted Antiques.
 11085 | D:11     | Reached skill level 5 in Transmutations
 11228 | D:11     | Noticed a two-headed ogre
 11228 | D:11     | Noticed an eight-headed hydra
 11259 | D:11     | Noticed an ogre mage
 11261 | D:11     | Killed a two-headed ogre
 11270 | D:11     | Killed an ogre mage
 11551 | D:11     | Killed an eight-headed hydra
 11552 | D:11     | Reached skill level 5 in Hexes
 11553 | D:11     | Killed from afar by an acid dragon

Illustrated notes

Levels and vault maps discovered:
D:1:      lordsloth_arrival_two_stooges, layout_basic, minmay_heptomino_h4
D:2:      layout_basic, dreamdust_ecumenical_altar_angels_and_demons,
          basic_altar, nicolae_elevator_lobby_asterisk, uniq_natasha
D:3:      layout_loops_cross, serial_shops, shop,
          nicolae_shop_just_a_little_nook, shop, chequers_serial_rivers_small_b
D:4:      layout_basic, hellmonk_ghost_happy_afterlife, minmay_mini_jars
D:5:      layout_rooms, elyvilon_altar_3, mainiacjoe_overflow_surrounded_room,
          old_standard_altar, nicolae_ashenzari_skybound,
          minmay_temple_entry_statues_fountains, uniq_sigmund, uniq_ijyb
D:6:      layout_cave_pods, serial_shops, nicolae_shop_tiny_statue_garden
D:7:      layout_basic, grunt_temple_overflow_order_and_chaos_1,
          gammafunk_temple_overflow_statue, ebering_dispersal_statue_hall
D:8:      layout_cave_pools, fedhas_altar_4, nicolae_uskayaw_en_pointe
D:9:      layout_grid_maze, okawaru_metal_pillars_1_2, orc_0_dummy
D:10:     layout_basic, cheibriados_altar_1, grunt_lair_entry_orc_guard_hut,
          chequers_serial_rivers_small_b
D:11:     wad_statue_garden, layout_gridville, serial_shops, shop,
          dreamdust_gnoll_shepherd

Skill      XL: |  1  2  3  4  5  6  7  8  9 10 11 |
---------------+----------------------------------+-----
Conjurations   | 5 6 7 8 9 10 | 10.2
Spellcasting   | 6 11 15 18 19 | 19.0
Translocations | 6 |  6.0
Transmutations | 6 |  6.0
Hexes          | 5 |  5.8
Dodging        | |  2.4
Stealth        | |  2.4

Action                     |  1- 3 |  4- 6 |  7- 9 | 10-12 || total
---------------------------+-------+-------+-------+-------++-------
  Melee: Unarmed           |     9 |       |       |       ||     9
         Dagger            |     4 |       |       |       ||     4
         Short sword       |       |    10 |       |       ||    10
         Staff             |       |       |     2 |     1 ||     3
   Cast: Magic Dart        |    46 |    65 |    79 |    35 ||   225
         Searing Ray       |     4 |    10 |    80 |    29 ||   123
         Fulminant Prism   |       |       |     3 |    53 ||    56
         Tukima's Dance    |       |       |     7 |    11 ||    18
         Iskenderun's Myst |       |       |       |     7 ||     7
         Irradiate         |       |       |       |     1 ||     1
 Invoke: Call Merchant     |       |       |       |     1 ||     1
  Evoke: Wand              |       |       |       |     1 ||     1
    Use: Scroll            |       |     8 |     1 |    18 ||    27
         Potion            |       |     4 |       |       ||     4
   Stab: Sleeping          |     1 |     1 |       |       ||     2
 Armour: Robe              |     6 |     2 |    20 |    27 ||    55
  Dodge: Dodged            |    22 |    12 |    69 |    47 ||   150
